 Dungeon Crawl Stone Soup version 0.28.0-53-g5a82cb258f (webtiles) character file.

Game seed: 13415960769402816696

177768 cbfl8 the Warrior (level 18, -3/178 HPs)
             Began as a Hill Orc Fighter on July 21, 2022.
             Was a High Priest of Beogh.
             Killed from afar by Nikola (37 damage)
             ... with an arc of chain lightning
             ... on level 2 of the Shoals.
             The game lasted 01:58:23 (50905 turns).

cbfl8 the Warrior (Hill Orc Fighter)               Turns: 50905, Time: 01:58:24

Health: -3/178     AC: 35    Str: 25    XL:     18   Next: 18%
Magic:  25/25      EV: 10    Int:  8    God:    Beogh [*****.]
Gold:   3017       SH:  0    Dex: 19    Spells: 17/17 levels left

rFire   + . .      SeeInvis .   u - +4 broad axe (elec)
rCold   x x .      Faith    +   f - orb {light}
rNeg    . . .      Spirit   .   E - +5 plate armour of Existentialism {rElec}
rPois   +          Reflect  .   v - +2 hat {Stlth+}
rElec   +          Harm     .   p - +0 cloak of Qemuhu {Fly rPois rC-}
rCorr   .          Rampage  .   r - +2 pair of gloves
Will    +....      Rage     1%  Q - +0 pair of boots
Stlth   ..........              Y - amulet of faith
HPRegen 0.39/turn               k - +4 ring of protection
MPRegen 0.19/turn               z - ring of Cinagy {Fire rPois Dex+5 Stlth+}

@: confused, mighty, ambrosia-drunk, flying, mesmerised, glowing, studying
Shields
A: walk on water, berserk 1, strong 1
a: Renounce Religion, Smiting, Recall Orcish Followers, Give Item to Named
Follower


You were on level 2 of the Shoals.
You worshipped Beogh.
Beogh was extremely pleased with you.
You visited 5 branches of the dungeon, and saw 28 of its levels.
You also visited: Bailey, Gauntlet and Volcano.

You collected 3201 gold pieces.
You spent 184 gold pieces at shops.

Inventory:

Hand Weapons
 u - a +4 broad axe of electrocution (weapon)
Missiles
 F - 2 throwing nets
Armour
 f - an orb of light (worn)
 p - the +0 cloak of Qemuhu (worn) {Fly rPois rC-}
   (You found it in a Gauntlet)

   rC:        It makes you vulnerable to cold.
   rPois:     It protects you from poison.
   Fly:       It grants you flight.
 r - a +2 pair of gloves (worn)
 v - a +2 hat of stealth (worn)
 E - the +5 plate armour of Existentialism (worn) {rElec}
   (You found it on level 7 of the Dungeon)

   rElec:     It insulates you from electricity.
 Q - a +0 pair of boots (worn)
Jewellery
 c - an amulet of reflection
 k - a +4 ring of protection (left hand)
 o - a ring of see invisible
 z - the ring of Cinagy (right hand) {Fire rPois Dex+5 Stlth+}
   (You found it on level 12 of the Dungeon)

   [ring of fire]

   It enhances your fire magic.
   Dex:       It affects your dexterity (+5).
   rF:        It protects you from fire.
   rC:        It makes you vulnerable to cold.
   rPois:     It protects you from poison.
   Stlth:     It makes you more stealthy.
 K - a ring of protection from fire
 N - a ring of positive energy
 Y - an amulet of faith (around neck)
Wands
 l - a wand of polymorph (14)
 m - a wand of iceblast (2)
 t - a wand of charming (7)
 x - a wand of mindburst (23)
 B - a wand of flame (49) (quivered)
 G - a wand of paralysis (4)
 O - a wand of digging (6)
 X - a wand of acid (15)
Scrolls
 e - 3 scrolls of blinking
 g - 2 scrolls of silence
 h - 4 scrolls of holy word
 j - 3 scrolls of fear
 n - 3 scrolls of immolation
 q - 6 scrolls of teleportation
 y - 4 scrolls of fog
 A - 4 scrolls of enchant armour
 C - 2 scrolls of brand weapon
 H - 3 scrolls of noise
 J - 2 scrolls of magic mapping
 M - 3 scrolls of identify
Potions
 a - 2 potions of haste
 b - 3 potions of mutation
 D - 3 potions of attraction
 P - a potion of lignification
 S - 5 potions of invisibility
Miscellaneous
 T - a lightning rod (2/4)
 W - a phial of floods


   Skills:
 - Level 20.1 Fighting
 + Level 2.0 Long Blades
 + Level 19.6(20.3) Axes
 + Level 2.5(11.3) Maces & Flails
 + Level 7.1(13.0) Polearms
 + Level 1.6(4.3) Staves
 + Level 2.2 Throwing
 + Level 15.6 Armour
 + Level 3.9 Dodging
 + Level 4.4 Stealth
 + Level 8.2 Shields
 - Level 10.0 Invocations
 * Level 12.4 Evocations


You had 17 spell levels left.
You didn't know any spells.
Your spell library contained the following spells:

 Spells                   Type           Power      Damage    Failure   Level
 Shock                    Conj/Air       0%         1d3       97%         1
 Sublimation of Blood     Necr           0%         N/A       99%         2
 Confusing Touch          Hex            0%         N/A       100%        3
 Swiftness                Air            0%         N/A       100%        3
 Airstrike                Air            0%         N/A       100%        4
 Animate Dead             Necr           0%         N/A       100%        4
 Petrify                  Tmut/Erth      0%         N/A       100%        4
 Borgnjor's Vile Clutch   Necr/Erth      0%         N/A       100%        5
 Irradiate                Conj/Tmut      0%         3d14      100%        5
 Summon Forest            Summ/Tloc      0%         N/A       100%        5
 Yara's Violent Unravell  Hex/Tmut       0%         3d3       100%        5
 Death Channel            Necr           0%         N/A       100%        6
 Eringya's Noxious Bog    Tmut/Pois      0%         N/A       100%        6
 Enfeeble                 Hex            0%         N/A       100%        7
 Summon Hydra             Summ           0%         N/A       100%        7


Dungeon Overview and Level Annotations

Branches:
Dungeon (15/15)            Temple (0/1) D:6            Lair (6/6) D:11
 Shoals (2/4) Lair:3       Spider (3/4) Lair:4        Slime (0/5) Lair:6
    Orc (2/2) D:11            Elf (0/3) Orc:2        Vaults (0/5) D:14
 Depths (0/4) D:15         Bailey (visited)         Volcano (visited)
Gauntlet (visited)

Altars:
Dithmenos
Makhleb
Okawaru
Trog
Xom
Jiyva

Shops:
D:3 !   D:11 (   Orc:2 (?!:

Annotations:
D:3 3 runed translucent doors, turdburglar's ghost, amateur HOFi
D:13 1 exclusion
Lair:6 2 transporters, jiml777's ghost, journeyman GnAE
Shoals:1 6 transporters
Shoals:2 Nikola


Innate Abilities, Weirdness & Mutations

You can walk on water.
You tend to lose your temper in combat.
Your muscles are strong. (Str +2)


Message History

You are too confused!
Nikola casts a spell.
Nikola blinks!
You are too confused!
You are too confused!
You are too confused!
Your orb glows too brightly to become invisible.
A merfolk siren comes into view. It is wielding a +2 spear of flaming.
You are too confused!
Okay, then.
Okay, then.
You are too confused!
The merfolk siren chants a haunting song.
You are mesmerised by the merfolk siren!
You are too confused!
Okay, then.
Okay, then.
Unknown command.
You are more confused.
You feel more invigorated.
A merfolk avatar comes into view.
The merfolk siren chants its luring song.
Nikola raves, "Can you feel it? Can you feel it?
CAN YOU FEEL IT?"
You are too confused!
Press: ? - help, v - describe, . - travel
Here: Nikola, wielding a +1 rapier of electrocution, wearing a +2 cloak and wearing a +0 pair of gloves (heavily wounded, haloed)
The floor.
Okay, then.
You feel very mighty all of a sudden.
The merfolk avatar shouts!
The merfolk avatar chants a haunting song.
The merfolk siren chants its luring song.
You are too confused!
You bump into the rock wall.
The pull of its song draws you forwards.
The wind drake misses you.
Nikola casts a spell.
Lightning arcs from Nikola's hands!
The bolt of lightning hits you!!! You resist.
You die...

#...≈≈≈≈.....
##.≈.≈≈....# ..#
###......## ....
#≈≈.....# ...
#.≈≈...!# ..##
#...≈...# #...##
###).≈≈≈..##......
##....≈≈≈..........
#...≈P≈≈.k@........
#:..≈≈≈....)@......
#...$P.....).......
#≈..P......$./.....
#....P≈P≈.....$....
#....≈≈P≈m.........
#≈.≈≈≈≈≈.mP........
..P≈PP≈P≈.)........
...≈≈≈≈≈≈..........


You could see Nikola, a merfolk avatar (mesmerising), a wind drake (repels
missiles) and a merfolk siren (mesmerising).

Vanquished Creatures
  Jorgrun (Orc:2)
  An emperor scorpion (Spider:2)
  6 slime creatures
  An entropy weaver (Spider:3)
  A minotaur (Gauntlet)
  A spark wasp (Spider:3)
  A merfolk impaler (Shoals:1)
  A fire dragon (Volcano)
  2 boulder beetles
  3 hydras
  An ogre mage (D:14)
  A ghost crab (Spider:3)
  3 catoblepae
  A merfolk aquamancer (Shoals:1)
  7 two-headed ogres
  5 centaur warriors
  2 dancing weapons (D:14)
  3 tengu warriors
  4 death yaks (Lair:5)
  A shock serpent (shapeshifter) (D:13)
  2 fire crabs
  A sun moth (Spider:2)
  A pharaoh ant (Spider:2)
  6 skeletal warriors
  4 sea snakes
  3 steelbarb worms
  4 orb spiders
  3 lindwurms
  A harpy (shapeshifter) (D:12)
  3 orc knights (Orc:2)
  A deep elf zephyrmancer (D:14)
  8 harpies (Shoals:1)
  A deep elf pyromancer (D:15)
  An orc sorcerer (Orc:2)
  A faun (Shoals:1)
  4 cyclopes
  16 ugly things
  3 manticores
  7 wolf spiders
  A torpor snail (Lair:6)
  2 water nymphs (Shoals:1)
  A merfolk siren (Shoals:1)
  7 elephants (Lair:6)
  2 smoke demons (Gauntlet)
  7 cane toads
  2 efreet
  An unseen horror (shapeshifter) (D:14)
  3 rime drakes
  A demonic crawler (Spider:2)
  6 komodo dragons
  2 unseen horrors
  A yaktaur (D:14)
  2 kobold demonologists
  2 freezing wraiths (D:14)
  A troll (shapeshifter) (D:14)
  4 merfolk
  2 tengu conjurers
  2 wind drakes
  2 trolls
  5 meliai (Spider:3)
  A polar bear (Lair:3)
  5 tarantellas (Spider:2)
  Prince Ribbit (Lair:3)
  6 tyrant leeches
  7 blink frogs
  4 dream sheep (Lair:5)
  5 hornets
  2 snapping turtles
  6 culicivoras
  A centaur simulacrum (D:15)
  8 jumping spiders
  2 shadows
  2 wraiths
  6 basilisks
  27 yaks
  3 water elementals
  A vampire (D:14)
  4 fire bats (Gauntlet)
  4 steam dragons
  17 redbacks
  5 vampire mosquitoes (Spider:3)
  A warg (Orc:2)
  2 acid dragons (D:12)
  10 water moccasins
  Duvessa (D:7)
  15 orc warriors
  2 sky beasts (D:5)
  5 hell hounds
  7 ogres
  4 hornet zombies
  5 wolves (Lair:3)
  15 centaurs
  8 kobold brigands
  7 bullfrogs
  2 scorpions
  A water moccasin zombie (D:6)
  A wyvern zombie (D:8)
  Dowan (D:7)
  A wight (D:9)
  13 howler monkeys
  2 centaur zombies (D:10)
  A bullfrog zombie (D:5)
  5 crimson imps (Gauntlet)
  4 hounds
  2 jellies (D:5)
  A gnoll shaman (D:7)
  6 orc priests
  Jessica (D:2)
  A bullfrog skeleton (D:5)
  5 iguanas
  8 orc wizards
  A killer bee zombie (D:8)
  A hound skeleton (D:4)
  2 howler monkey zombies
  Robin (D:4)
  4 adders
  9 gnolls
  A river rat (D:11)
  A white imp (D:7)
  2 ufetubi
  An adder skeleton (D:4)
  2 dart slugs
  34 orcs
  5 bats
  5 endoplasms
  4 giant cockroaches
  12 hobgoblins
  6 jackals
  A quokka (D:1)
  11 ball pythons
  5 frilled lizards
  28 goblins
  31 kobolds
  4 rats
  A butterfly (Lair:4)
598 creatures vanquished.

Vanquished Creatures (collateral kills)
  An orc warlord (Lair:6)
  Donald (Spider:1)
  Azrael (D:13)
  An entropy weaver (Spider:1)
  2 fire dragons (Lair:6)
  7 hydras
  A boulder beetle (Lair:3)
  A quicksilver dragon skeleton (D:15)
  An ogre mage (D:15)
  3 catoblepae
  2 two-headed ogres (D:15)
  5 death yaks
  A tengu warrior (D:15)
  2 orc high priests (Orc:2)
  A storm dragon skeleton (D:15)
  A spark wasp zombie (D:15)
  A sea snake (Shoals:1)
  A flayed ghost (D:15)
  3 orb spiders
  An orc knight (Orc:2)
  4 lindwurms
  A swamp dragon (Lair:6)
  2 harpies (Shoals:1)
  A necromancer (D:15)
  3 orc sorcerers (Orc:2)
  2 ugly things (D:15)
  A faun (Shoals:1)
  A wolf spider (Lair:3)
  A slime creature (D:13)
  3 elephants (Lair:6)
  3 manticores
  A cyclops (D:13)
  A water nymph (Shoals:2)
  A smoke demon (Volcano)
  7 torpor snails
  6 cane toads
  2 komodo dragons
  2 rime drakes (Lair:2)
  A spriggan zombie (D:15)
  A tyrant leech (Lair:6)
  3 merfolk
  A meliai (Spider:3)
  9 blink frogs
  5 tarantellas
  2 hornets (Lair:6)
  A wind drake (Lair:3)
  3 dream sheep (Lair:5)
  A spriggan (Lair:6)
  11 yaks
  2 jumping spiders (Spider:3)
  A water elemental (Shoals:1)
  2 wyverns
  A fire elemental (D:13)
  5 redbacks
  3 vampire mosquitoes
  5 steam dragons
  2 wargs (Orc:1)
  6 water moccasins
  A hell hound (D:13)
  3 swamp drakes (Lair:6)
  10 orc warriors
  3 sky beasts (D:10)
  3 wolves (Lair:3)
  4 centaurs
  3 bullfrogs
  A gnoll sergeant (D:9)
  3 wights (D:9)
  2 howler monkeys
  6 orc priests
  12 orc wizards
  A hell rat (D:11)
  A gnoll (D:9)
  9 orcs
  A kobold (D:9)
  A quokka (D:11)
  A rat (D:11)
  2 butterflies (Lair:4)
211 creatures vanquished.

Vanquished Creatures (others)
  4 orc high priests
  A sea snake (Shoals:2)
  An orc sorcerer (Orc:2)
  11 orc knights
  A merfolk (Shoals:2)
  A tyrant leech (Spider:3)
  9 orc warriors
  8 orc priests
  8 orc wizards
  38 orcs
  38 demonic plants (Gauntlet)
  33 fungi
  87 plants
  4 withered plants (D:15)
244 creatures vanquished.

Grand Total: 1053 creatures vanquished

Notes
Turn   | Place    | Note
-------+----------+-------------------------------------------
     0 | D:1      | cbfl8 the Hill Orc Fighter began the quest for the Orb.
     0 | D:1      | Reached XP level 1. HP: 19/19 MP: 1/1
   268 | D:1      | Reached XP level 2. HP: 26/27 MP: 2/2
   629 | D:1      | Reached XP level 3. HP: 32/33 MP: 3/3
   805 | D:2      | Noticed Jessica
   821 | D:2      | Killed Jessica
   822 | D:2      | Reached skill level 4 in Fighting
   822 | D:2      | Reached XP level 4. HP: 20/40 MP: 4/4
  1285 | D:2      | Identified the +2 chain mail of Ygey {Rampage rN++ Will-}
  1305 | D:2      | Found a faded altar of an unknown god.
  1434 | D:2      | Identified the +0 ring mail of the Tanner {rC+ Str+4 Int-3}
  1789 | D:3      | Noticed Robin
  1806 | D:4      | Killed Robin
  1807 | D:4      | Reached skill level 1 in Dodging
  2079 | D:3      | Found a runed translucent gate.
  2079 | D:3      | Found a runed translucent gate.
  2079 | D:3      | Found a runed translucent gate.
  2202 | D:3      | Reached XP level 5. HP: 44/46 MP: 5/5
  2269 | D:3      | Noticed turdburglar's ghost (amateur HOFi)
  2289 | D:3      | Found Guqoepak's Distillery.
  2297 | D:3      | Bought a potion of heal wounds for 60 gold pieces
  2297 | D:3      | Bought a potion of flight for 36 gold pieces
  2918 | D:3      | Reached skill level 5 in Axes
  3028 | D:4      | Found a burning altar of Makhleb.
  3223 | D:4      | Reached XP level 6. HP: 53/53 MP: 6/6
  4356 | D:4      | Reached skill level 5 in Armour
  4356 | D:4      | Reached XP level 7. HP: 55/60 MP: 7/7
  4716 | D:5      | Entered Level 5 of the Dungeon
  5079 | D:5      | Reached skill level 5 in Fighting
  5079 | D:5      | Reached XP level 8. HP: 68/68 MP: 8/8
  5360 | D:5      | Became a worshipper of Beogh the Brigand
  6031 | D:5      | Reached skill level 1 in Evocations
  6058 | D:5      | Reached skill level 6 in Fighting
  6372 | D:6      | Noticed a kobold demonologist
  6386 | D:6      | Noticed a smoke demon
  6403 | D:6      | Killed a kobold demonologist
  6404 | D:6      | Reached skill level 10 in Axes
  6404 | D:6      | Reached XP level 9. HP: 36/78 MP: 9/9
  6817 | D:6      | Gained mutation: You are occasionally teleported next to
                  | monsters. [potion of mutation]
  6817 | D:6      | Gained mutation: You have hidden genetic potential. [potion
                  | of mutation]
  6828 | D:6      | HP: 3/78 [orc warrior/+0 halberd (7)]
  7369 | D:6      | Reached skill level 7 in Fighting
  7817 | D:6      | Found a staircase to the Ecumenical Temple.
  7820 | D:6      | Reached * piety under Beogh
  8207 | D:7      | Noticed Duvessa
  8210 | D:7      | Noticed Dowan
  8215 | D:7      | Killed Dowan
  8218 | D:7      | Killed Duvessa
  8627 | D:7      | Identified the +5 plate armour of Existentialism {rElec}
  9265 | D:8      | Noticed a hornet
  9272 | D:8      | Killed a hornet
  9273 | D:8      | Reached XP level 10. HP: 37/88 MP: 10/10
  9754 | D:8      | Reached ** piety under Beogh
 10112 | D:8      | Noticed a two-headed ogre
 10122 | D:8      | Killed a two-headed ogre
 10123 | D:8      | Reached skill level 8 in Fighting
 10131 | D:8      | Gained mutation: You have a pair of small antennae on your
                  | head. [hidden potential]
 10462 | D:8      | Lost mutation: You are occasionally teleported next to
                  | monsters. [potion of mutation]
 10462 | D:8      | Lost mutation: You have a pair of small antennae on your
                  | head. [potion of mutation]
 10462 | D:8      | Lost mutation: You have hidden genetic potential. [potion
                  | of mutation]
 10462 | D:8      | Gained mutation: Your muscles are strong. (Str +2) [potion
                  | of mutation]
 10462 | D:8      | Gained mutation: You tend to lose your temper in combat.
                  | [potion of mutation]
 10600 | D:9      | Found a flagged portal.
 10610 | D:9      | Identified the +8 halberd "Byonog" {vorpal, *Noise rF+
                  | rN++}
 10614 | Bailey   | Entered a bailey
 10649 | Bailey   | Reached skill level 1 in Stealth
 11377 | Bailey   | Reached skill level 9 in Fighting
 11683 | Bailey   | Reached *** piety under Beogh
 11722 | Bailey   | Reached skill level 5 in Evocations
 11733 | Bailey   | Reached skill level 1 in Invocations
 12448 | D:9      | Reached skill level 10 in Fighting
 12448 | D:9      | Reached skill level 1 in Staves
 12448 | D:9      | Reached skill level 1 in Throwing
 12448 | D:9      | Reached XP level 11. HP: 101/101 MP: 11/14
 12872 | D:9      | Reached XP level 12. HP: 101/108 MP: 15/15
 13114 | D:9      | Reached skill level 11 in Fighting
 13450 | D:10     | Entered Level 10 of the Dungeon
 14220 | D:10     | Noticed a two-headed ogre
 14227 | D:10     | Killed a two-headed ogre
 14687 | D:11     | Reached skill level 5 in Invocations
 14687 | D:11     | Found a staircase to the Orcish Mines.
 14689 | D:11     | Found Sakeq's Weapon Shop.
 14820 | D:11     | Found a gate leading to a gauntlet.
 14830 | Gauntlet | Entered a Gauntlet
 14830 | Gauntlet | Found a transporter.
 14850 | Gauntlet | Found a transporter.
 14877 | Gauntlet | Found a transporter.
 14877 | Gauntlet | Found a transporter.
 14879 | Gauntlet | Found a transporter.
 14915 | Gauntlet | Found a transporter.
 14919 | Gauntlet | Noticed a death yak
 14920 | Gauntlet | Noticed a death yak
 14921 | Gauntlet | Noticed a death yak
 14922 | Gauntlet | Noticed a death yak
 14923 | Gauntlet | Found a transporter.
 14924 | Gauntlet | Noticed a death yak
 14925 | Gauntlet | Noticed a death yak
 14941 | Gauntlet | Found a transporter.
 14961 | Gauntlet | Found a transporter.
 14969 | Gauntlet | Noticed a wretched star
 14973 | Gauntlet | Found a transporter.
 14985 | Gauntlet | Found a transporter.
 14986 | Gauntlet | Found the +3 Mad Mage's Maulers {Infuse+∞ RegenMP Int-3}
 14997 | Gauntlet | Found a transporter.
 15009 | Gauntlet | Found a transporter.
 15020 | Gauntlet | Noticed a green death
 15027 | Gauntlet | Found a transporter.
 15048 | Gauntlet | Found a transporter.
 15050 | Gauntlet | Found a transporter.
 15527 | Gauntlet | Reached skill level 12 in Fighting
 15542 | Gauntlet | Found a transporter.
 15544 | Gauntlet | Found a transporter.
 15548 | Gauntlet | Identified the +0 cloak of Qemuhu {Fly rPois rC-}
 15780 | Gauntlet | Reached **** piety under Beogh
 15800 | Gauntlet | Identified the +1 cloak of Honesty {Fly Str+4}
 16220 | Gauntlet | Noticed a minotaur
 16225 | Gauntlet | Killed a minotaur
 16226 | Gauntlet | Reached skill level 10 in Armour
 16232 | Gauntlet | Identified the +8 hunting sling of Judgement {vorpal, SInv}
 16404 | D:11     | Noticed a death yak
 16405 | D:11     | Noticed a death yak
 16405 | D:11     | Noticed a death yak
 16417 | D:11     | Killed a death yak
 16667 | D:11     | Killed a death yak
 16674 | D:11     | Killed a death yak
 16723 | Orc:1    | Entered Level 1 of the Orcish Mines
 17015 | Orc:2    | Entered Level 2 of the Orcish Mines
 17023 | Orc:2    | Gained Beowulf as an ally
 18060 | Orc:2    | Reached skill level 13 in Fighting
 18202 | Orc:2    | Noticed Jorgrun
 18222 | Orc:2    | Killed Jorgrun
 18933 | Orc:2    | Found a staircase to the Elven Halls.
 19039 | Orc:2    | Found Fyaxoir's Weapon Shop.
 19041 | Orc:2    | Paralysed by an orc sorcerer for 7 turns
 19044 | Orc:2    | Noticed an orc high priest
 19046 | Orc:2    | Noticed an orc high priest
 19051 | Orc:2    | Noticed a soul eater
 19053 | Orc:2    | Killed an orc high priest
 19054 | Orc:2    | Your ally Beowulf died
 19059 | Orc:2    | Noticed an orc high priest
 19061 | Orc:2    | Reached XP level 13. HP: 106/122 MP: 10/18
 19914 | Orc:2    | Paralysed by an orc sorcerer for 5 turns
 20138 | Orc:2    | Found Epsuvu Kuogi's Distillery.
 20143 | Orc:2    | Found Yloyhe's Magic Scroll Emporium.
 20145 | Orc:2    | Found Qaiceab's Book Shop.
 20200 | Orc:2    | Bought a potion of might for 60 gold pieces
 20208 | Orc:2    | Bought a scroll of identify for 28 gold pieces
 21333 | D:11     | Found a staircase to the Lair.
 21354 | D:11     | Found an iron altar of Okawaru.
 21685 | D:11     | Reached skill level 15 in Axes
 22032 | D:12     | Reached skill level 14 in Fighting
 22435 | D:12     | Identified the ring of Cinagy {Fire rPois Dex+5 Stlth+}
 23418 | D:13     | Identified the +1 leather armour "Napepsut" {Regen+}
 23512 | D:13     | Noticed Azrael
 23525 | D:13     | Killed Azrael
 23526 | D:13     | Reached skill level 15 in Fighting
 25212 | D:13     | Reached XP level 14. HP: 136/136 MP: 20/20
 25550 | D:14     | Reached skill level 16 in Fighting
 27725 | D:14     | Reached skill level 17 in Fighting
 27966 | D:14     | Found a gate to the Vaults.
 28645 | D:15     | Entered Level 15 of the Dungeon
 30019 | D:15     | Found a shadowy altar of Dithmenos.
 30053 | D:15     | Gained Boldo as an ally
 30068 | D:15     | Reached skill level 18 in Fighting
 30408 | D:15     | Reached skill level 10 in Invocations
 30682 | D:15     | Found a staircase to the Depths.
 30997 | D:15     | Reached XP level 15. HP: 129/149 MP: 22/22
 31500 | Lair:1   | Entered Level 1 of the Lair of Beasts
 31647 | Lair:1   | Reached skill level 10 in Evocations
 31651 | Lair:1   | Reached ***** piety under Beogh
 31864 | Lair:1   | Found a dark tunnel.
 31873 | Volcano  | Entered a volcano
 34566 | Lair:2   | Gained Bogmar as an ally
 36458 | Lair:3   | Found a shimmering altar of Xom.
 36475 | Lair:3   | You are sucked into a shaft and drop 1 floor!
 36706 | Lair:3   | Noticed Prince Ribbit
 36713 | Lair:3   | Killed Prince Ribbit
 37168 | Lair:3   | Reached skill level 19 in Fighting
 37343 | Lair:3   | Found a staircase to the Shoals.
 38510 | Lair:4   | Found a hole to the Spider Nest.
 40166 | Lair:6   | Entered Level 6 of the Lair of Beasts
 40356 | Lair:6   | Found a transporter.
 40360 | Lair:6   | Found a transporter.
 40372 | Lair:6   | Noticed jiml777's ghost (journeyman GnAE)
 40384 | Lair:6   | Reached ****** piety under Beogh
 40530 | Lair:6   | Reached XP level 16. HP: 161/161 MP: 23/23
 40728 | Lair:6   | Your ally Boldo died
 41092 | Lair:6   | Identified the +2 quarterstaff "Sis Xik" {vorpal, Fly rF-
                  | SInv}
 41414 | Lair:6   | Found a viscous altar of Jiyva.
 41414 | Lair:6   | Found a staircase to the Slime Pits.
 41883 | Lair:6   | Found a runed translucent door.
 42835 | Lair:6   | Found a bloodstained altar of Trog.
 42845 | Lair:6   | Reached skill level 20 in Fighting
 43395 | Spider:1 | Entered Level 1 of the Spider Nest
 43490 | Spider:1 | Noticed Donald
 43517 | Spider:1 | Killed Donald
 44327 | Spider:1 | Reached skill level 5 in Polearms
 44894 | Spider:2 | Your ally Bogmar died
 47313 | Spider:3 | Gained Berold as an ally
 48267 | Spider:3 | Your ally Berold died
 48337 | Spider:3 | Reached skill level 15 in Armour
 48880 | Shoals:1 | Entered Level 1 of the Shoals
 48900 | Shoals:1 | Found a transporter.
 48903 | Shoals:1 | Found a transporter.
 48909 | Shoals:1 | Found a transporter.
 48929 | Shoals:1 | Found a transporter.
 48968 | Shoals:1 | HP: 12/243 [manticore (1)]
 48970 | Shoals:1 | HP: 3/243 [water elemental (4)]
 48971 | Shoals:1 | Gained Argrim as an ally
 49009 | Shoals:1 | Reached XP level 17. HP: 17/170 MP: 9/24
 49337 | Shoals:1 | Reached XP level 18. HP: 127/178 MP: 25/25
 49698 | Shoals:1 | Found a transporter.
 49704 | Shoals:1 | Found a transporter.
 50100 | Shoals:1 | Your ally Argrim died
 50889 | Shoals:2 | Noticed Nikola
 50898 | Shoals:2 | HP: 3/178 [Nikola/arc of chain lightning (60)]
 50905 | Shoals:2 | Killed from afar by Nikola

Illustrated notes

Levels and vault maps discovered:
D:1:      lemuel_arrival_lava_pool, layout_loops_ring
D:2:      layout_loops_ring, dreamdust_ecumenical_altar_statues,
          minmay_bisected, uniq_jessica
D:3:      layout_basic, gammafunk_ghost_icy, serial_shops, shop,
          grunt_decor_mini_mirrors, uniq_robin
D:4:      minmay_razor_zed, layout_basic, bloody_makhleb, minmay_goblin_outpost
D:5:      layout_loops_ring
D:6:      layout_basic, minmay_temple_entry_proselytizer
D:7:      layout_rooms, serial_curves, eino_curves_02, eino_curves_01,
          eino_curves_01, eino_curves_04, lemuel_flamethrower_2, uniq_duvessa
D:8:      layout_basic
D:9:      layout_basic, enter_bailey_2, hangedman_decor_slide_cut
D:10:     layout_loops_ring, nrook_campfire, hangedman_misty_isle
D:11:     layout_stronghold, dpeg_lair_monsters, orc_david_3,
          gauntlet_entry_generic, serial_park_tiny_2, okawaru_altar_gauntlet_db
D:12:     layout_rooms
D:13:     layout_loops_ring, hangedman_abyss_or_decor_stabs,
          kennysheep_minor_cross, uniq_azrael
D:14:     layout_irregular_city, erik_vaults_1, minivault_28
D:15:     gammafunk_depths_entry_grave, layout_basic,
          hangedman_abyss_or_decor_lesser_grid, grunt_dithmenos_smoke
Lair:1:   layout_regular_city, nicolae_volcano_entry_s_turn,
          chequers_serial_rivers_large_a
Lair:2:   layout_regular_city
Lair:3:   layout_roguey, minmay_shoals_entry_beasts, basic_altar,
          nicolae_lair_run_with_the_wolves, uniq_prince_ribbit2
Lair:4:   layout_gridlike, nicolae_spider_entry_orb_guardian,
          lemuel_fruit_fields
Lair:5:   layout_loops_ring, serial_bayou_shore_b
Lair:6:   guppyfry_lair_end_dragon, layout_regular_city, wormcave,
          slime_altar_1, gammafunk_ghost_wrathful_warriors,
          grunt_forest_large_clearing_hut
Shoals:1: layout_shoals, serial_nicolae_subway, nicolae_sub_station_crystal,
          nicolae_sub_station_stone, nicolae_sub_station_metal
Shoals:2: layout_shoals, nicolae_shoals_flooded_hall, uniq_roxanne, uniq_nikola
Spider:1: layout_spider_delve, nicolae_spider_circle_web, uniq_donald
Spider:2: layout_cave_pods
Spider:3: layout_chambers, nicolae_spider_swamp_cousins
Orc:1:    layout_caves
Orc:2:    st_orc_elflike, layout_diamond_mine, uniq_jorgrun

Skill      XL: |  1  2  3  4  5  6  7  8  9 10 11 12 13 14 15 16 |
---------------+-------------------------------------------------+-----
Axes           | 3 4 5 7 8 10 11 13 14 16 17 18 19 | 19.6
Fighting       | 4 5 6 7 10 13 15 18 19 20 | 20.1
Dodging        | 1 2 3 |  3.9
Armour         | 4 5 6 7 9 10 11 12 13 15 | 15.6
Shields        | 4 6 7 8 |  8.2
Evocations     | 2 3 6 7 8 9 11 12 | 12.4
Stealth        | 2 3 4 |  4.4
Invocations    | 4 6 8 10 | 10.0
Long Blades    | 2 |  2.0
Maces & Flails | 2 |  2.5
Polearms       | 2 3 7 |  7.1
Staves         | 1 |  1.6
Throwing       | 1 2 |  2.2

Action                   |  1- 3 |  4- 6 |  7- 9 | 10-12 | 13-15 | 16-18 || total
-------------------------+-------+-------+-------+-------+-------+-------++-------
Melee: War axe           |    75 |    96 |       |       |       |       ||   171
       Broad axe         |       |    52 |   249 |   252 |   681 |   320 ||  1554
       Spear             |       |       |       |       |    79 |   327 ||   406
Throw: Boomerang         |       |       |       |     2 |       |       ||     2
Invok: Convert to Beogh  |       |       |     1 |       |       |       ||     1
       Smiting           |       |       |       |     7 |       |    11 ||    18
       Recall Orcish Fol |       |       |       |     1 |     6 |     7 ||    14
       Give Item to Name |       |       |       |       |     2 |     2 ||     4
       Resurrection      |       |       |       |       |       |     1 ||     1
Evoke: Wand              |       |       |     6 |    39 |     1 |     5 ||    51
       Lightning rod     |       |       |       |       |       |     2 ||     2
  Use: Potion            |       |     2 |    10 |     5 |     5 |    15 ||    37
       Scroll            |       |       |    12 |    11 |    12 |     6 ||    41
 Stab: Distracted        |       |       |       |     3 |     9 |     5 ||    17
Armor: Scale mail        |    23 |     2 |       |       |       |       ||    25
       Chain mail        |       |    97 |   183 |       |       |       ||   280
       Plate armour      |       |       |    16 |   313 |   602 |   523 ||  1454
       Skin              |       |       |       |       |       |    19 ||    19
Dodge: Dodged            |    51 |    49 |   150 |   175 |   287 |   251 ||   963
Block: Buckler           |    13 |    35 |    59 |       |       |       ||   107
       Orb               |       |       |       |       |    99 |       ||    99
       Reflection        |       |       |       |       |     3 |       ||     3
